cohdb
Replays
Latest Replays
All Replays
Popular Replays
Top Player Replays
Match Explorer
How It Works
Community
CoH3 Stats
Reddit
Sign in to upload your games and track your stats! →
Sign in with Steam
Match 46354583
Unlisted
Match 46354583
Overview
Messages
Build Orders
End
Pioneer Squad
Pioneer Squad
Construct Infanterie Kompanie
Selects Terror Battlegroup
MG 42 Machine Gun Team
Grenadier Squad
Selects Machine Gun Camouflage
MG 42 Machine Gun Team
Construct Luftwaffe Kompanie
221 Scout Car
Jäger Squad
Selects Defend the Fatherland
Support Elements
Wirbelwind Flakpanzer
Medical Bunker
Jäger Squad
Marder III M Tank Destroyer
MG 42 Machine Gun Team
Wirbelwind Flakpanzer
MG 42 Machine Gun Team
Jäger Squad
Selects King Tiger Heavy Tank
King Tiger Heavy Tank
Luftwaffe Officer Quarters
Pioneer Squad
Selects Contempt for the Weak
Repair Bunker
Skeng.Tecnica.International
N7 SHARK
김라현
헤네시스택시기사
0
0
Comments
sign in to comment!
No comments posted yet!